 Dungeon Crawl Stone Soup version 0.30-a0-576-g89cddaab80 (webtiles) character file.

Game seed: 13055843784820303729

109 bjtr the Firebug (level 4, 0/36 HPs)
             Began as a Gargoyle Fire Elementalist on Dec 31, 2022.
             Slain by a gnoll
             ... wielding a +0 halberd
              (8 damage)
             ... on level 4 of the Dungeon.
             The game lasted 00:12:30 (2713 turns).

bjtr the Firebug (Gargoyle Fire Elementalist)       Turns: 2713, Time: 00:12:30

Health: 0/36       AC: 22    Str: 12    XL:     4   Next: 90%
Magic:  5/8        EV:  2    Int: 17    God:
Gold:   94         SH:  0    Dex: 10    Spells: 2/8 levels left

rFire   . . .      SeeInvis .    d - +0 flail
rCold   . . .      Faith    .    (no shield)
rNeg    + . .      Spirit   .    (body armour currently unavailable)
rPois   ∞          Reflect  .    (helmet currently unavailable)
rElec   .          Harm     .    (cloak currently unavailable)
rCorr   .          Rampage  .    (gloves currently unavailable)
Will    .....      NoTele   +    (boots currently unavailable)
Stlth   +                        (no amulet)
HPRegen 0.26/turn                (no ring)
MPRegen 0.11/turn                (no ring)

@: mighty, tree-form, silenced, attractive, hasted, very quick
A: stationary, stasis, torment immunity, boosted hp, sickness immunity, AC +3,
negative energy resistance 1, (electricity resistance), torment resistance 1,
petrification resistance
a: no special abilities


You were on level 4 of the Dungeon.
You were a tree.
You visited 1 branch of the dungeon, and saw 4 of its levels.

You collected 94 gold pieces.

Inventory:

Hand Weapons
 d - a +0 flail (weapon)
 g - a +0 club
 m - a +0 great mace
 n - a +0 dagger
 o - a +0 falchion
Armour
 a - a +0 robe
 e - a +0 leather armour (melded)
Scrolls
 c - a scroll of enchant armour
 k - 2 scrolls of magic mapping
 l - a scroll of fog {unknown}
 q - a scroll of immolation {unknown}
 u - a scroll of teleportation {unknown}
Potions
 f - a potion of mutation
 p - a potion of cancellation
 r - a potion of might
 t - a potion of attraction
 v - a potion of lignification


   Skills:
 + Level 0.3 Fighting
 * Level 0.9 Armour
 + Level 1.6 Dodging
 + Level 2.2 Stealth
 * Level 2.7 Spellcasting
 * Level 2.0 Conjurations
 * Level 4.3 Fire Magic


You had 2 spell levels left.
You knew the following spells:

 Your Spells              Type           Power      Damage    Failure   Level
a - Foxfire               Conj/Fire      52%        2x1d6     4%          1
b - Scorch                Fire           34%        2d6       4%          2
c - Inner Flame           Hex/Fire       9%         N/A       22%         3

Your spell library contained the following spells:

 Spells                   Type           Power      Damage    Failure   Level
 Kindle Blastsparks       Fire/Tloc/Air  14%        2d11      30%         3
 Dazzling Flash           Conj/Hex       10%        N/A       34%         3
 Hailstorm                Conj/Ice       5%         3d4       34%         3
 Flame Wave               Conj/Fire      13%        2d6       43%         4
 Iskenderun's Mystic Bla  Conj/Tloc      5%         2d3       75%         4
 Ice Form                 Ice/Tmut       2%         N/A       87%         4
 Simulacrum               Ice/Necr       1%         N/A       100%        6
 Starburst                Conj/Fire      6%         6d4       100%        6


Dungeon Overview and Level Annotations

Branches:
Dungeon (4/15)             Temple (0/1) D:4

Altars:

Shops:
D:2 (

Annotations:
D:3 Natasha
D:4 Dowan


Innate Abilities, Weirdness & Mutations

You are a tree.
Your roots penetrate the ground, keeping you stationary.
You cannot be teleported.
You are immune to unholy pain and torment.
Your maximum health is greatly increased.
Your equipment is partially melded.
You are immune to sickness and miasma.
((Your stone body is resilient. (AC +3)))
You are immune to poison.
You resist negative energy. (rN+)
((You are resistant to electric shocks. (rElec)))
You are resistant to unholy torment.
You are immune to petrification.


Message History

A quokka comes into view.
Okay, then.
As you read the scroll labelled PIUGIA JURCH, it crumbles to dust.
A profound silence engulfs you.
It was a scroll of silence.
The gnoll hits you with a +0 club.
* * * LOW HITPOINT WARNING * * *
It was a potion of lignification.
You turn into a tree.
Your +0 leather armour melds into your body.
Your roots penetrate the ground.
The quokka bites you but does no damage.
The gnoll hits you but does no damage. x2
It was a potion of attraction.
You feel attractive to monsters. The quokka barely misses you.
The gnoll hits you but does no damage. x2
It was a potion of haste.
You feel yourself speed up. The quokka bites you.
* * * LOW HITPOINT WARNING * * *
The gnoll hits you but does no damage. x2
You feel better.
The quokka bites you but does no damage.
You feel very mighty all of a sudden. The gnoll hits you but does no damage.
The gnoll hits you from afar with a +0 halberd.
* * * LOW HITPOINT WARNING * * *
The quokka bites you but does no damage.
You sock the quokka!
You kill the quokka!
The gnoll hits you but does no damage. x2
You closely miss the gnoll.
The gnoll hits you but does no damage. x2
You hit the gnoll.
The gnoll is moderately wounded.
The gnoll hits you but does no damage.
A gnoll comes into view. It is wielding a +0 whip.
The gnoll hits you from afar with a +0 halberd.
* * * LOW HITPOINT WARNING * * *
The gnoll is attracted toward you.
You cannot cast spells when silenced!
You barely miss the gnoll.
The gnoll is moderately wounded.
The gnoll hits you from afar with a +0 halberd!
You die...

*,,,*** *,,,*,,,,* *,**********
*,,,,,** #...#,,,,***,*
*,,,,,,*##.$..,,,,**,,*
*,***,,*#h...#******,,*
*,***,,,#...h# ***,,,*
*,,**,,,*....##**,,,,,*
*,,,,,,,,,....,,,,,,,,*
###########.############
##...<........#.♣†......#
...##.#######g#g####.#### ****
...........##S#g# *.# *,,,
####.#####.##.#o# *.# *,** #.#
*,#g.gS#***.# **,,, * #.#
*,#.#.g#,,,.#*******,,,, *
*#.#****,#....#,**#.,,,,,,,,*,*
* *...,,,,,#.##§#,*
*g*******,,,, *
*..#*****#.##.#,* *,* **,,,


You could see an orc priest, 3 gnolls, an adder and a hobgoblin.

Vanquished Creatures
  A howler monkey (D:4)
  An adder (D:2)
  2 dart slugs (D:1)
  5 orcs
  5 bats
  7 endoplasms
  A giant cockroach (D:1)
  3 goblins
  2 hobgoblins (D:1)
  6 jackals (D:1)
  3 quokkas
  2 ball pythons (D:2)
  2 frilled lizards (D:1)
  5 kobolds
  5 rats
50 creatures vanquished.

Vanquished Creatures (others)
  60 foxfires
60 creatures vanquished.

Grand Total: 110 creatures vanquished

Notes
Turn   | Place    | Note
-------+----------+-------------------------------------------
     0 | D:1      | bjtr the Gargoyle Fire Elementalist began the quest for the
                  | Orb.
     0 | D:1      | Reached XP level 1. HP: 10/10 MP: 3/3
   340 | D:1      | Reached XP level 2. HP: 9/15 MP: 0/5
   343 | D:1      | Learned a level 2 spell: Scorch
   799 | D:1      | Reached XP level 3. HP: 17/19 MP: 0/6
   892 | D:1      | Reached skill level 4 in Fire Magic
  2099 | D:2      | Found Boubrali's Weapon Shoppe.
  2366 | D:3      | Learned a level 3 spell: Inner Flame
  2372 | D:2      | Reached XP level 4. HP: 20/24 MP: 0/7
  2633 | D:3      | Noticed Natasha
  2700 | D:4      | Noticed Dowan
  2713 | D:4      | Slain by a gnoll

Illustrated notes

Levels and vault maps discovered:
D:1:      spicycebolla_arrival_xxxplode, layout_loops_corners
D:2:      layout_basic, serial_shops, nicolae_shop_bloodbath_and_beyond
D:3:      layout_loops_cross, uniq_natasha
D:4:      minmay_recursive_quarters, layout_loops_ring, lemuel_tele_altar,
          minmay_temple_entry_proselytizer, portal_sewer_entry_b, uniq_duvessa,
          uniq_robin, uniq_blork_the_orc, uniq_menkaure

Skill      XL: |  1  2  3  4 |
---------------+-------------+-----
Fire Magic     | 4 |  4.3
Conjurations   | 2 |  2.0
Fighting       | |  0.3
Armour         | |  0.9
Dodging        | |  1.6
Stealth        | |  2.2
Spellcasting   | |  2.7

Action                   |  1- 3 |  4- 6 || total
-------------------------+-------+-------++-------
Melee: Club              |    21 |       ||    21
       Flail             |       |    25 ||    25
 Cast: Foxfire           |    32 |     3 ||    35
       Scorch            |    22 |    12 ||    34
  Use: Scroll            |     5 |     3 ||     8
       Potion            |       |     7 ||     7
Armor: Robe              |     4 |       ||     4
       Leather armour    |    18 |    21 ||    39
       Skin              |       |    15 ||    15
Dodge: Dodged            |    38 |    33 ||    71

Table legend: (Time is in decaauts)
 A = Elapsed time spent in this place.
 B = Non-inter-level travel time spent in this place.
 C = Inter-level travel time spent in this place.
 D = Time resting spent in this place.
 E = Time spent auto-exploring this place.
 F = Levels seen in this place.
 G = Mean time per level.
                   A        B        C        D        E       F      G
               +--------+--------+--------+--------+--------+-----+--------+
         Total |   2726 |   2649 |     77 |    455 |   1733 |   4 |  681.5 |
       Dungeon |   2726 |   2649 |     77 |    455 |   1733 |   4 |  681.5 |
               +--------+--------+--------+--------+--------+-----+--------+

Top non-repeatable levels by time:
     D:1: 1615 daAuts
     D:2: 814 daAuts
     D:3: 228 daAuts
     D:4: 68 daAuts
